 Dungeon Crawl Stone Soup version 0.28-a0-1629-gf728b707aa (webtiles) character file.

Game seed: 11952397181088621419

89 HallandMoats the Vandal (level 4, -5/38 HPs)
             Began as a Ghoul Hunter on Jan 24, 2022.
             Was a Follower of Makhleb.
             Slain by an orc priest (7 damage)
             ... on level 2 of the Dungeon.
             The game lasted 00:01:01 (1123 turns).

HallandMoats the Vandal (Ghoul Hunter)              Turns: 1123, Time: 00:01:03

Health: -5/38      AC:  3    Str: 15    XL:     4   Next: 55%
Magic:  3/3        EV: 12    Int:  6    God:    Makhleb [*.....]
Gold:   63         SH:  0    Dex: 11    Spells: 3/3 levels left

rFire   . . .      SeeInvis .   a - +2 hunting sling
rCold   + . .      Faith    .   (no shield)
rNeg    + + +      Spirit   .   c - +0 leather armour
rPois   ∞          Reflect  .   (no helmet)
rElec   .          Harm     .   (no cloak)
rCorr   .          Rampage  .   (no gloves)
Will    .....                   (no boots)
Stlth   +.........              (no amulet)
HPRegen 0.00/turn               (no ring)
MPRegen 0.08/turn               (no ring)

@: flying, inhibited regen
A: claws 1, cold resistance 1, negative energy resistance 3, inhibited
regeneration, torment resistance 2
a: Renounce Religion


You were on level 2 of the Dungeon.
You worshipped Makhleb.
Makhleb was aware of your devotion.
You visited 1 branch of the dungeon, and saw 2 of its levels.

You collected 63 gold pieces.

Inventory:

Hand Weapons
 a - a +2 hunting sling (weapon)
 b - a +0 short sword
Missiles
 d - 26 sling bullets (quivered ammo)
 i - 57 stones
Armour
 c - a +0 leather armour (worn)
Scrolls
 e - a scroll of enchant weapon
Potions
 g - a potion of cancellation
 h - a potion of curing {unknown}
 k - a potion of might {unknown}


   Skills:
 + Level 3.0 Fighting
 * Level 4.3 Slings
 + Level 1.3 Armour
 + Level 2.4 Dodging
 - Level 1.1 Stealth


You had 3 spell levels left.
You didn't know any spells.
Your spell library contained the following spells:

 Spells                   Type           Power      Damage    Failure   Level
 Irradiate                Conj/Tmut      0%         3d13      100%        5
 Blade Hands              Tmut           Unusable   N/A       N/A         5
 Dragon Form              Tmut           Unusable   N/A       N/A         7

Dungeon Overview and Level Annotations

Branches:
Dungeon (2/15)

Altars:
Makhleb


Innate Abilities, Weirdness & Mutations

You thrive by killing the living.
You are immune to poison.
You have sharp fingernails.
Your flesh is cold resistant. (rC+)
You are immune to negative energy. (rN+++)
You do not regenerate when monsters are visible.
You are immune to unholy pain and torment.


Message History

An orc comes into view. It is wielding a +0 club.
The orc shouts!
You hear a shout!
You shoot a sling bullet.
The sling bullet hits the orc priest but does no damage.
A bat comes into view.
The orc priest closely misses you. The orc barely misses you.
You shoot a sling bullet. The sling bullet hits the orc priest!
The orc priest is almost dead.
The orc barely misses you. The orc priest hits you with a +0 club.
You shoot a sling bullet. The sling bullet hits the orc priest!
You kill the orc priest!
Makhleb accepts your kill.
You feel better. The bat hits you but does no damage.
The orc barely misses you. The orc priest barely misses you.
The orc priest hits you with a +0 flail!
Your Fighting skill increases to level 3!
As you read the scroll labelled NOQOKO TUES, it crumbles to dust.
The scroll dissolves into smoke.
It was a scroll of fog.
The bat hits you but does no damage. The orc hits you with a +0 dagger.
The orc priest closely misses you.
The orc priest looks encouraged for a moment.
As you read the scroll labelled HASYUL YRUCLUL, it crumbles to dust.
It is a scroll of enchant weapon.
Your +1 hunting sling glows red for a moment.
The bat hits you but does no damage. The bat closely misses you.
The orc hits you with a +0 dagger. The orc priest hits you with a +0 club.
* * * LOW HITPOINT WARNING * * *
The orc priest hits you with a +0 flail.
* * * LOW HITPOINT WARNING * * *
It was a potion of cancellation.
You feel magically purged. The bat completely misses you.
The orc hits you but does no damage. The orc priest hits you with a +0 club.
* * * LOW HITPOINT WARNING * * *
It was a potion of flight.
You feel very buoyant.
You fly up into the air.
The bat misses you. The orc hits you with a +0 dagger.
* * * LOW HITPOINT WARNING * * *
The orc priest barely misses you.
The orc priest hits you with a +0 flail!
You die...

#.# #.## (.#...# ##.#$
(....# #..# .(...# #..#
.(.(# #..# #...# #..##
oo§#
#...#########ob###.##
#.#........§o@o§§....
####.################.##
.....# .....# .....#
.....# .....# .....#
.....#


You could see 2 orc priests, an orc wizard, 2 orcs and a bat.

Vanquished Creatures
  An orc priest (D:2)
  An iguana (D:2)
  An adder (D:2)
  2 dart slugs
  3 ball pythons
  3 endoplasms (D:1)
  2 giant cockroaches (D:1)
  A goblin (D:1)
  A hobgoblin (D:1)
  A quokka (D:1)
  2 bats (D:1)
  A frilled lizard (D:1)
  A rat (D:1)
20 creatures vanquished.

Notes
Turn   | Place    | Note
-------+----------+-------------------------------------------
     0 | D:1      | HallandMoats the Ghoul Hunter began the quest for the Orb.
     0 | D:1      | Reached XP level 1. HP: 17/17 MP: 0/0
    88 | D:1      | Reached XP level 2. HP: 24/25 MP: 1/1
   903 | D:2      | Found a faded altar of an unknown god.
   913 | D:2      | Prayed at the altar of an unknown god.
   913 | D:2      | Became a worshipper of Makhleb the Destroyer
   913 | D:2      | Reached * piety under Makhleb
   928 | D:2      | Reached skill level 4 in Slings
   928 | D:2      | Reached XP level 3. HP: 21/30 MP: 2/2
  1054 | D:2      | Reached skill level 1 in Armour
  1069 | D:2      | Reached XP level 4. HP: 37/37 MP: 3/3
  1123 | D:2      | Slain by an orc priest

Illustrated notes

Levels and vault maps discovered:
D:1:      matt_arrival_los_fun, layout_basic, minmay_indecisive_spiral
D:2:      cheibrodos_pilgrimage, layout_basic, chequers_ecumenical_altar_simple,
          uniq_sigmund, uniq_natasha

Skill      XL: |  1  2  3  4 |
---------------+-------------+-----
Dodging        | 2 |  2.4
Slings         | 4 |  4.3
Armour         | 1 |  1.3
Fighting       | 3 |  3.0
Stealth        | |  1.1

Action                   |  1- 3 |  4- 6 || total
-------------------------+-------+-------++-------
 Fire: Hunting sling     |    62 |    15 ||    77
  Use: Scroll            |       |     2 ||     2
       Potion            |       |     2 ||     2
Armor: Leather armour    |    12 |     4 ||    16
Dodge: Dodged            |    20 |    12 ||    32

Table legend: (Time is in decaauts)
 A = Elapsed time spent in this place.
 B = Non-inter-level travel time spent in this place.
 C = Inter-level travel time spent in this place.
 D = Time resting spent in this place.
 E = Time spent auto-exploring this place.
 F = Levels seen in this place.
 G = Mean time per level.
                   A        B        C        D        E       F      G
               +--------+--------+--------+--------+--------+-----+--------+
         Total |   1123 |   1080 |     43 |      0 |    943 |   2 |  561.5 |
       Dungeon |   1123 |   1080 |     43 |      0 |    943 |   2 |  561.5 |
               +--------+--------+--------+--------+--------+-----+--------+

Top non-repeatable levels by time:
     D:1: 881 daAuts
     D:2: 241 daAuts
